 Dungeon Crawl Stone Soup version 0.17.1-1-g73c8601 (webtiles) character file.

631 shmeve the Skirmisher (level 7, -6/62 HPs)
             Began as a Minotaur Fighter on Apr 21, 2016.
             Was a Follower of Okawaru.
             Mangled by a gnoll
             ... wielding a +0 flail of protection
              (7 damage)
             ... on level 5 of the Dungeon.
             The game lasted 00:08:48 (3694 turns).

shmeve the Skirmisher (Minotaur Fighter)            Turns: 3694, Time: 00:08:48

Health: -6/62      AC: 10    Str: 26    XL:     7   Next: 24%
Magic:  7/7        EV: 13    Int:  5    God:    Okawaru [*.....]
Gold:   171        SH: 10    Dex: 10    Spells: 0 memorised, 6 levels left

rFire  . . .     SeeInvis .     a - +0 war axe
rCold  . . .     Clarity  .     y - +3 ring mail "Siqukkux" {Str+4}
rNeg   . . .     SustAt   .     c - +0 shield
rPois  .         Gourm    .     (helmet restricted)
rElec  .         Spirit   .     (no cloak)
rCorr  .         Warding  .     (no gloves)
rMut   .         Stasis   .     o - +0 pair of boots (curse)
MR     .....                    (no amulet)
Stlth  ..........               (no ring)
                                s - +3 ring of evasion

@: lethally poisoned (-6 -> -9), not resistant to hostile enchantments,
extremely unstealthy
A: retaliatory headbutt, horns 2
a: Heroism, Renounce Religion


You were on level 5 of the Dungeon.
You worshipped Okawaru.
Okawaru was aware of your devotion.
You were not hungry.

You visited 2 branches of the dungeon, and saw 6 of its levels.

You collected 171 gold pieces.

Inventory:

Hand Weapons
 a - a +0 war axe (weapon)
Armour
 c - a +0 shield (worn)
 n - a +0 chain mail
 o - a cursed +0 pair of boots (worn)
 y - the +3 ring mail "Siqukkux" (worn) {Str+4}
   (You found it on level 4 of the Dungeon)

   It affects your strength (+4).
Jewellery
 s - a +3 ring of evasion (left hand)
Scrolls
 b - 4 scrolls of identify {unknown}
 h - 5 scrolls of teleportation {unknown}
 k - a scroll of enchant weapon {unknown}
 l - 2 scrolls of fog {unknown}
 m - a scroll of recharging {unknown}
 t - a scroll of amnesia {unknown}
 z - a scroll of random uselessness {unknown}
Potions
 d - 2 potions of might
 f - a potion of resistance {unknown}
 g - 2 potions of flight {unknown}
 i - 2 potions of degeneration {unknown}
 j - a potion of ambrosia {unknown}
 p - a potion of poison {unknown}
 r - a potion of heal wounds {unknown}
 u - a potion of agility {unknown}
 x - a potion of invisibility {unknown}
Books
 w - a book of Geomancy

   Spells                             Type                      Level
   a - Sandblast                      Earth                        1
   b - Stoneskin                      Transmutation/Earth          2
   c - Passwall                       Transmutation/Earth          3
   d - Stone Arrow                    Conjuration/Earth            3
   e - Petrify                        Transmutation/Earth          4
   f - Lee's Rapid Deconstruction     Earth                        5
 B - a book of Summonings

   Spells                             Type                      Level
   a - Recall                         Summoning/Translocation      3
   b - Aura of Abjuration             Summoning                    5
   c - Shadow Creatures               Summoning                    5
   d - Summon Demon                   Summoning                    5
   e - Summon Forest                  Summoning/Translocation      5
   f - Summon Mana Viper              Hexes/Summoning              5
Comestibles
 e - 3 bread rations
 q - 2 fruits
 v - 2 meat rations


   Skills:
 * Level 5.8 Fighting
 * Level 5.0 Axes
 + Level 2.0 Throwing
 + Level 4.4 Armour
 + Level 2.7 Dodging
 * Level 5.4 Shields
 + Level 1.6 Invocations


You had 6 spell levels left.
You didn't know any spells.

Dungeon Overview and Level Annotations

Branches:
Dungeon (5/15)             Temple (1/1) D:5

Altars:
Cheibriados
Dithmenos
Elyvilon
Kikubaaqudgha
Makhleb
Nemelex Xobeh
Okawaru


Innate Abilities, Weirdness & Mutations

You reflexively headbutt those who attack you in melee.
You have a pair of horns on your head.


Message History

You feel sick. You block the gnoll's attack. You block the gnoll's attack.
The gnoll hits you with a club.
* * * LOW HITPOINT WARNING * * *
You hit the gnoll.
The gnoll is severely wounded.
You hit the gnoll.
The gnoll is severely wounded.
You feel sick. You block the gnoll's attack. You block the gnoll's attack.
You hit the gnoll.
The gnoll is almost dead.
You slash the gnoll!
You kill the gnoll!
Okawaru accepts your kill.
You feel sick.
The gnoll hits you with a flail of protection.
* * * LOW HITPOINT WARNING * * *
You closely miss the gnoll.
The gnoll is almost dead.
The gnoll hits you with a flail of protection!
You die...

..#........<<....#.
....................
#.............>.....
............#.......
....................
...............####.
...............#
........)...######
.##..........@...#
#.......##)g...#
#.......##.(...#
...................
............#........
............#........
........$#.......#
.....#.......# ......
.......


You could see a gnoll.

Vanquished Creatures
  A phantom (D:5)
  An ogre (D:5)
  A giant frog (D:5)
  A crimson imp (D:3)
  7 worker ants
  7 adders
  4 gnolls
  3 shadow imps (D:5)
  A worm (D:2)
  3 giant geckos
  An orc (D:2)
  6 giant cockroaches
  5 goblins
  10 hobgoblins
  7 jackals
  A quokka (D:4)
  10 bats
  4 giant newts
  8 kobolds
  A quokka skeleton (D:4)
  6 rats
88 creatures vanquished.

Notes
Turn   | Place    | Note
--------------------------------------------------------------
     0 | D:1      | shmeve the Minotaur Fighter began the quest for the Orb.
     0 | D:1      | Reached XP level 1. HP: 19/19 MP: 0/0
   376 | D:1      | Reached XP level 2. HP: 24/27 MP: 1/1
   406 | D:1      | You fall through a shaft!
   472 | D:2      | Reached skill level 4 in Fighting
   480 | D:2      | Reached XP level 3. HP: 20/33 MP: 2/2
   552 | D:2      | Reached skill level 1 in Dodging
  1031 | D:1      | Reached XP level 4. HP: 40/40 MP: 3/3
  1268 | D:2      | Found a snail-covered altar of Cheibriados.
  1276 | D:2      | Reached skill level 1 in Throwing
  2227 | D:3      | Reached XP level 5. HP: 47/47 MP: 4/4
  2716 | D:4      | Reached skill level 5 in Fighting
  3062 | D:4      | Found a shadowy altar of Dithmenos.
  3099 | D:4      | Got a jewelled ring mail
  3110 | D:4      | Identified the +3 ring mail "Siqukkux" {Str+4} (You found it on level 4 of the Dungeon)
  3264 | D:5      | Entered Level 5 of the Dungeon
  3278 | D:5      | Found a staircase to the Ecumenical Temple.
  3292 | Temple   | Entered the Ecumenical Temple
  3406 | Temple   | Became a worshipper of Warmaster Okawaru
  3442 | D:5      | Reached XP level 6. HP: 56/56 MP: 5/5
  3563 | D:5      | Reached skill level 5 in Shields
  3569 | D:5      | Noticed an ogre
  3578 | D:5      | Killed an ogre
  3578 | D:5      | Reached skill level 1 in Invocations
  3661 | D:5      | Noticed a phantom
  3670 | D:5      | Killed a phantom
  3670 | D:5      | Reached * piety under Okawaru
  3670 | D:5      | Reached XP level 7. HP: 39/62 MP: 6/6
  3689 | D:5      | Reached skill level 5 in Axes
  3693 | D:5      | HP: 1/62 [gnoll/flail of protection (6)]
  3694 | D:5      | Mangled by a gnoll

Action                   |  1- 3 |  4- 6 |  7- 9 || total
-------------------------+-------+-------+-------++-------
Melee: War axe           |    97 |   148 |    12 ||   257
  Eat: Chunk             |       |     9 |       ||     9
